mrgnz, lawful female dwarven Valkyrie ------- |.....| |.....| --- ------------------ ----- |...<.| |.+ |..-....-..|..|.. +.... |.....| |.| |..|....|..|..|. |...| |.....| |.----+-----....----|--.-----)..| |.....| |...............................| ---.--- |.-+-----+--.......-|-----|--G..| ########## |.| |......{|.. ...|...| # |.| |.......|....|%%%|...| ## |.----+-----.......|.._.|%!%|...| ---------.- |.............{....|....|!%%|...| |..........### |.------+--------.----------|...| |.........| |.-.)*.| +.| |...| |..........##### |.|.].+| |.+ +...| ----------- # |.|!.[]| |.| |@@@| ##..---------------.-----------.@.| |...............................| --------------------------------- mrgnz the Stripling Experience level: 2 Strength: 18/01 Dexterity: 15 Constitution: 20 Intelligence: 7 Wisdom: 7 Charisma: 7 Health: 0(26) Energy: 3(3) Def: 4 Gold: 78 Moves: 1883 Dungeon seed: gWJKWXk5IN025MPR Game ID: mrgnz_1548270552 Your Inventory: Coins $ - 78 gold pieces Weapons a - a blessed +1 long sword (weapon in hand) b - a +0 dagger Armor e - an uncursed burnt +3 small shield (being worn) n - an uncursed +0 pair of leather gloves (being worn) r - an uncursed +0 banded mail Comestibles s - an uncursed food ration t - an uncursed partly eaten slime mold Potions j - a cursed potion of see invisible Rings p - an uncursed ring of shock resistance (on right hand) Wands m - a wand of light (0:11) Tools k - an uncursed magic lamp (lit) Spells and supernatural/magical abilities: Name Level Category Fail Memory W - pray for help -- divine ? -- Your skills at the end: Fighting Skills Weapon Skills dagger [Basic] long sword [Basic] Spellcasting Skills Final Attributes: You were piously aligned. You were cold resistant. You were shock resistant. You had infravision. You were stealthy. You are dead. Vanquished creatures: a giant bat 3 giant rats 3 jackals 2 sewer rats 7 grid bugs 5 lichens 2 kobold zombies 7 newts 30 creatures vanquished. Voluntary challenges: You followed a strict vegan diet. You were an atheist. You used a wielded weapon 19 times, starting on turn 24. You read items or engraved 2 times, starting on turn 396. You never genocided any monsters. You never polymorphed an object. You never changed form. You used no wishes. You never split a pudding. You never wrote Elbereth's name. You never violated your personal moral code. Dungeon overview: The Dungeons of Doom: levels 1 to 2 Level 1 a long staircase Level 2 an armor shop, an altar to Tyr, a sink stairs to The Gnomish Mines The Gnomish Mines: levels 3 to 5 Level 3 stairs to The Dungeons of Doom Level 4 Level 5 <- You were here some shops, a temple to Odin, some fountains History has recorded: On T:1 you entered the Dungeons of Doom to retrieve the Amulet of Yendor! On T:669 you reached level 2 of The Dungeons of Doom. On T:773 you advanced to experience level 2. On T:1448 you reached level 1 of The Gnomish Mines. On T:1465 you reached level 2 of The Gnomish Mines. On T:1617 you reached level 3 of The Gnomish Mines. Score breakdown: Gold: 78 ( 6455 points) Experience: 2 levels ( 5570 points) Exploration: 5 levels ( 10.42%) ( 8751 points) Discoveries: 2 items ( 0.81%) ( 2705 points) Valuables value: (no points given unless you survive) Artifact value: 0 ( 0 points) Variety of kills: 8 monsters ( 2.10%) ( 4347 points) Turncount: 1883 turns ( 0 points) Survival: died (score multiplied by 80%) Total score: 22262 Latest messages: You hear some noises in the distance. You hear some noises. You hear some noises in the distance. You hear some noises. The watchman wields a dagger! It is hit. You displace your little dog. The watchman thrusts her dagger. The watchman hits! The watchman thrusts her short sword. The watchman hits! The gnomish wizard casts a spell! The gnomish wizard is suddenly moving faster. The watchman throws a dagger! You are hit by a dagger. The watchman picks up a dagger. The watchman wields a short sword! The watchman wields a dagger! The watchman thrusts her short sword. The watchman hits! You die... Final status: Farvel mrgnz the Valkyrie, killed by a watchman... You died in The Gnomish Mines on dungeon level 5 with 22262 points, and 78 pieces of gold, after 1883 moves. You were level 2 with a maximum of 26 hit points when you died.